 Dungeon Crawl Stone Soup version 0.31.0-32-g396128a36d (webtiles) character file.

Game seed: 8648721528366929491

1889 DildoBatman the Conjurer (level 9, -3/68 HPs)
             Began as a Formicid Conjurer on Mar 24, 2024.
             Was a Follower of Kikubaaqudgha.
             Slain by a kobold brigand
             ... wielding a +0 whip
              (10 damage)
             ... on level 6 of the Dungeon.
             The game lasted 00:20:01 (7876 turns).

DildoBatman the Conjurer (Formicid Conjurer)        Turns: 7876, Time: 00:20:02

Health: -3/68      AC:  3    Str: 12    XL:     9   Next: 37%
Magic:  6/6        EV: 12    Int: 22    God:    Kikubaaqudgha [*.....]
Gold:   308        SH:  0    Dex: 12    Spells: 15/20 levels left

rFire   + . .        e - +9 spear of Superiority {antimagic, rF+}
rCold   . . .        (no shield)
rNeg    . . .        k - +0 robe
rPois   .            (helmet unavailable)
rElec   .            g - +0 cloak
rCorr   .            (no gloves)
SInv    +            (no boots)
Will    .....        (no amulet)
Stlth   ++           (no ring)
HPRegen 0.31/turn    (no ring)
MPRegen 0.10/turn

%: no passive effects
@: lethally poisoned (-3 -> -5)
A: permanent stasis, dig shafts and tunnels, antennae 3, four strong arms
a: Dig, Shaft Self, Renounce Religion, Unearth Wretches


You were on level 6 of the Dungeon.
You worshipped Kikubaaqudgha.
Kikubaaqudgha was aware of your devotion.
You visited 2 branches of the dungeon, and saw 7 of its levels.
You also visited: Sewer and Ossuary.

You collected 308 gold pieces.

Inventory:

Hand Weapons
 a - a +1 flail of protection
 c - a +0 sling
 e - the +9 spear of Superiority (weapon) {antimagic, rF+}
   (You took it off a gnoll on level 2 of the Dungeon)

   rF+:       It protects you from fire.
Missiles
 l - 5 silver javelins
 o - 68 stones
 q - 6 boomerangs
 v - 8 poisoned darts
Armour
 g - a +0 cloak (worn)
 h - a scarf of repulsion
 k - a +0 robe (worn)
 w - a +0 kite shield
Wands
 t - a wand of charming (19)
Scrolls
 m - 2 scrolls of fog
 r - a scroll of enchant armour {unknown}
 s - a scroll of amnesia
 u - a scroll of noise {unknown}
 y - 2 scrolls of immolation
 z - 2 scrolls of identify
 A - a scroll of fear
 B - a scroll of enchant weapon {unknown}
 D - a scroll of summoning
Potions
 b - 2 potions of magic
 d - 2 potions of enlightenment {unknown}
 f - 3 potions of ambrosia {unknown}
 i - 3 potions of heal wounds {unknown}
 j - 3 potions of curing
 n - 4 potions of invisibility {unknown}
 p - 2 potions of haste {unknown}
 x - a potion of brilliance {unknown}
 C - a potion of resistance {unknown}
 E - a potion of degeneration {unknown}


   Skills:
 - Level 5.0 Fighting
 - Level 5.0 Armour
 - Level 3.0 Dodging
 - Level 4.0 Stealth
 * Level 5.2 Shields
 - Level 6.0 Spellcasting
 - Level 6.0 Conjurations


You had 15 spell levels left.
You knew the following spells:

 Your Spells              Type           Power      Damage    Failure   Level
a - Searing Ray           Conj           66%        2d6       1%          2
c - Magic Dart            Conj           100%       1d8       1%          1
z - Sublimation of Blood  Necr           6%         N/A       14%         2

Your spell library contained the following spells:

 Spells                   Type           Power      Damage    Failure   Level
 Kiss of Death            Conj/Necr      76%        2d11      2%          1
 Shock                    Conj/Air       76%        1d7       2%          1
 Call Imp                 Summ           12%        N/A       14%         2
 Cigotuvi's Dreadful Rot  Necr/Alch/Air  12%        N/A       14%         2
 Ensorcelled Hibernation  Hex/Ice        12%        N/A       14%         2
 Fugue of the Fallen      Necr           6%         N/A       26%         3
 Vampiric Draining        Necr           6%         2d6       26%         3
 Fulminant Prism          Conj/Alch      9%         3d7       26%         4
 Iskenderun's Mystic Bla  Conj/Tloc      19%        2d6       26%         4
 Airstrike                Air            3%         2d(1-17)  65%         4
 Anguish                  Hex/Necr       3%         N/A       65%         4
 Summon Hydra             Summ           3%         N/A       100%        7
 Swiftness                Air            Unusable   N/A       N/A         3

Dungeon Overview and Level Annotations

Branches:
Dungeon (5/15)             Temple (1/1) D:5           Sewer (visited)
Ossuary (visited)

Altars:
Ashenzari
Cheibriados
Dithmenos
Elyvilon
Gozag
Hepliaklqana
Kikubaaqudgha
Makhleb
Okawaru
Qazlal
Ru
Sif Muna
Trog
Vehumet
Wu Jian
Xom
Zin

Shops:
D:4 *

Annotations:
D:3 Crazy Yiuf
D:4 exclusions: adder, iguana, scorpion and sleepcap
D:6 Maggie


Innate Abilities, Weirdness & Mutations

You cannot be hasted, slowed, berserked, paralysed or teleported.
You can dig through walls and to a lower floor.
You have a pair of large antennae on your head. (SInv)
Your four strong arms can wield two-handed weapons with a shield.


Message History

You finish channelling your searing ray.
You feel magic leave you.
e - the +9 spear of Superiority (weapon)
{antimagic, rF+} You hit the kobold.
You kill the kobold!
Kikubaaqudgha accepts your kill.
The kobold brigand throws a poisoned dart.
The poisoned dart closely misses you.
You reach to attack!
You hit the kobold brigand.
The kobold brigand is lightly wounded.
The kobold brigand throws a poisoned dart.
The poisoned dart hits you!
You are poisoned.
You feel very sick.
The kobold brigand hits you with a +0 whip.
Things that are here:
a +0 short sword; a kobold corpse You hit the kobold brigand.
The kobold brigand is moderately wounded.
You feel sick.
The kobold brigand hits you with a +0 whip!
You closely miss the kobold brigand.
The kobold brigand is moderately wounded.
You feel sick.
The kobold brigand hits you with a +0 whip.
You hit the kobold brigand.
The kobold brigand is moderately wounded.
You feel sick. The kobold brigand barely misses you.
You barely miss the kobold brigand.
The kobold brigand is moderately wounded.
You feel sick.
The kobold brigand hits you with a +0 whip!
You closely miss the kobold brigand.
The kobold brigand is moderately wounded.
You feel sick.
The kobold brigand hits you with a +0 whip!
You die...
Kikubaaqudgha rasps: "You have failed me!
Welcome... death!"

...{.#{#..# ..K{K..{..
........... ....{.....#
#.. #.# #.# ##.# #..?.
##..# #.#.#####...#
#.#.#.@K)...# #########
#.#.#.###...# .........
#.....# ##)## .#...#...
#...### ##.## .........
#####...#####)..#
.#...#...
..........†.....#
......{..
#####...#####...#
#########
#....######)#####.#.##.#
#..#..............#.##.#


You could see a kobold brigand.

Vanquished Creatures
  Grinder (D:6)
  A sky beast (D:5)
  An ogre (D:5)
  A crocodile (Sewer)
  A centaur (D:6)
  A kobold brigand (D:5)
  A weeping skull (Ossuary)
  3 scorpions
  3 water moccasin zombies (Ossuary)
  A bombardier beetle (D:5)
  4 jellies
  2 hounds
  2 orc priests
  Jessica (D:3)
  Natasha (thrice) (D:2)
  Ijyb (D:3)
  2 iguanas
  An orc wizard (D:5)
  2 crocodile zombies (Ossuary)
  3 mummies
  3 gnolls (D:2)
  12 adders
  A white imp (D:4)
  2 ufetubi (D:5)
  8 adder zombies (Ossuary)
  2 dart slugs (D:3)
  2 ribbon worms
  7 orcs
  14 ball pythons
  9 bats
  8 endoplasms
  4 giant cockroaches
  5 gnoll zombies (Ossuary)
  6 goblins
  12 hobgoblins
  11 jackals
  15 kobolds
  A quokka (D:1)
  5 frilled lizards
  4 jackal zombies (Ossuary)
  3 orc zombies (Ossuary)
  4 rats
173 creatures vanquished.

Notes
Turn   | Place    | Note
-------+----------+-------------------------------------------
     0 | D:1      | DildoBatman the Formicid Conjurer began the quest for the
                  | Orb.
     0 | D:1      | Reached XP level 1. HP: 13/13 MP: 3/3
   209 | D:1      | Reached XP level 2. HP: 15/20 MP: 1/5
   212 | D:1      | Learned a level 2 spell: Searing Ray
   624 | D:1      | Reached XP level 3. HP: 25/25 MP: 1/6
  1052 | D:1      | Reached skill level 1 in Armour
  1286 | D:2      | Reached skill level 1 in Fighting
  1327 | D:2      | Reached XP level 4. HP: 32/32 MP: 2/7
  1384 | D:2      | Found a faded altar of an unknown god.
  1387 | D:2      | Noticed Natasha
  1631 | D:2      | Learned a level 2 spell: Sublimation of Blood
  1801 | D:2      | Identified the +9 spear of Superiority {antimagic, rF+}
  1825 | D:2      | Reached XP level 5. HP: 37/37 MP: 0/9
  2508 | D:3      | Noticed Ijyb
  2690 | D:3      | Noticed Jessica
  2949 | D:3      | Found a radiant altar of Vehumet.
  3519 | D:4      | Found a sacrificial altar of Ru.
  3519 | D:4      | Found a burning altar of Makhleb.
  3553 | D:4      | Found Gozag's Platinum Reserve.
  3560 | D:4      | Found an opulent altar of Gozag.
  3578 | D:4      | Noticed a black bear
  3708 | D:4      | Reached XP level 6. HP: 36/39 MP: 1/10
  4498 | D:4      | You fall into a shaft and drop 1 floor!
  4498 | D:5      | Entered Level 5 of the Dungeon
  4518 | D:5      | Noticed an ogre
  4533 | D:5      | Killed an ogre
  4551 | D:5      | Found a sand-covered staircase.
  4561 | Ossuary  | Entered an ossuary
  4608 | Ossuary  | Reached XP level 7. HP: 40/51 MP: 4/12
  4995 | D:5      | Found a glowing drain.
  5005 | Sewer    | Entered a sewer
  5091 | Sewer    | Reached XP level 8. HP: 60/60 MP: 11/14
  5224 | Sewer    | Reached skill level 5 in Conjurations
  5649 | D:5      | Found a staircase to the Ecumenical Temple.
  5660 | Temple   | Entered the Ecumenical Temple
  5676 | Temple   | Became a worshipper of Kikubaaqudgha
  6026 | D:5      | Found a shadowy altar of Dithmenos.
  6055 | D:5      | Reached skill level 5 in Spellcasting
  6291 | D:5      | Found a hazy altar of Hepliaklqana.
  6459 | D:5      | Reached skill level 5 in Fighting
  6881 | D:2      | Killed Natasha
  6882 | D:2      | Reached skill level 5 in Armour
  7057 | D:2      | Noticed Natasha
  7069 | D:2      | Killed Natasha
  7110 | D:2      | Noticed Natasha
  7118 | D:2      | Killed Natasha
  7119 | D:2      | Reached XP level 9. HP: 53/68 MP: 3/16
  7163 | D:3      | Killed Ijyb
  7263 | D:3      | Killed Jessica
  7338 | D:3      | Found a runed translucent door.
  7339 | D:3      | Noticed Crazy Yiuf
  7345 | D:3      | You fall into a shaft and drop 3 floors!
  7460 | D:6      | Found a stormy altar of Qazlal.
  7463 | D:6      | Noticed Maggie
  7658 | D:6      | Noticed Grinder
  7669 | D:6      | Killed Grinder
  7826 | D:6      | Reached * piety under Kikubaaqudgha
  7826 | D:6      | Received a gift from Kikubaaqudgha
  7863 | D:6      | Reached skill level 5 in Shields
  7876 | D:6      | Slain by a kobold brigand

Illustrated notes

Levels and vault maps discovered:
D:1:      erik_arrival_orb_chamber, layout_loops_corners, serial_bayou_crossing
D:2:      layout_loops_cross, hellmonk_ecumenical_altar_blasted, uniq_natasha
D:3:      layout_basic, mainiacjoe_overflow_alcove_2, uniq_jessica,
          uniq_crazy_yiuf_cottage, uniq_ijyb
D:4:      layout_basic, nicolae_gozag_zags_fifth_avenue,
          gammafunk_temple_overflow_statue, minmay_between
D:5:      layout_basic, amcnicky_altar_gilded,
          grunt_dithmenos_smoke_and_mirrors, minmay_temple_entry_waves,
          gup_ossuary_entry_pyramid, portal_sewer_entry_d, nicolae_tricolors
D:6:      layout_loops_ring, nicolae_overflow_crystal_walls,
          lemuel_coloured_pillars_altar, columned_hall_lemuel, glass_columns_a,
          nicolae_shop_i_like_small_books_too, uniq_grinder, uniq_pikel,
          uniq_maggie
Temple:   eino_wide_crystal_templ

Skill      XL: |  1  2  3  4  5  6  7  8  9 |
---------------+----------------------------+-----
Dodging        | 2 3 |  3.0
Stealth        | 3 4 |  4.0
Armour         | 1 2 3 5 |  5.0
Fighting       | 1 2 3 5 |  5.0
Conjurations   | 4 5 6 |  6.0
Spellcasting   | 3 4 5 6 |  6.0
Shields        | 5 |  5.2

Action                     |  1- 3 |  4- 6 |  7- 9 || total
---------------------------+-------+-------+-------++-------
  Melee: Dagger            |    23 |       |       ||    23
         Unarmed           |     3 |       |       ||     3
         Punch             |     1 |       |       ||     1
         Spear             |       |    34 |   142 ||   176
         Sling             |       |     1 |       ||     1
         Flail             |       |       |    10 ||    10
   Fire: Sling             |       |    81 |    31 ||   112
   Cast: Magic Dart        |    64 |    70 |    17 ||   151
         Searing Ray       |     1 |    12 |    33 ||    46
Ability: Dig               |       |     1 |       ||     1
         Shaft Self        |       |     1 |     1 ||     2
    Use: Scroll            |       |     3 |     3 ||     6
   Stab: Sleeping          |       |     3 |     4 ||     7
 Armour: Robe              |    17 |    64 |   128 ||   209
  Dodge: Dodged            |    21 |    53 |   116 ||   190
